AoeStats
← die trying

MegaRandom

506869313Analyzed
1v1 RM · 16d ago on Sep 15, 2026· 25m 5s· 2 players
Game mode
Random Map
Map size
Tiny (2 player)
Population
200
Speed
Normal
Resources
Standard
Victory
Conquest
Starting age
Dark Age
Ending age
Imperial Age
RankedLock teamsTeams togetherTeam positionsShared explorationLock speedFull tech treeHidden civsTurbo modeCheats
Victory
Defeat
🇩🇰 Khmer · Denmark
1875
+16
🇨🇱 Mongols · Chile
1880
-16
Young Carter
6:28 Loom
10:02 Feudal Age
10:44 Double-Bit Axe
12:50 Fletching
15:32 Padded Archer Armor
22:33 Castle Age
20:38 Horse Collar
21:28 Gold Mining
22:52 Bloodlines
23:13 Scale Barding Armor
23:10 Bodkin Arrow
22:55 Crossbowman
24:45 Bow Saw
die trying
5:15 Loom
5:23 Loom
8:08 Feudal Age
8:11 Man-at-Arms
11:53 Fletching
14:43 Town Watch
15:03 Arson
17:41 Padded Archer Armor
23:26 Castle Age
23:38 Crossbowman
24:27 Bodkin Arrow
Connection lost

Rejoining the realm…

Still unreachable

The connection could not be restored.

Session expired

The server has moved on; the page needs a fresh start.